%YAML 1.1
%TAG !u! tag:unity3d.com,2011:
--- !u!1 &3775261341178778916
GameObject:
  m_ObjectHideFlags: 0
  m_CorrespondingSourceObject: {fileID: 0}
  m_PrefabInstance: {fileID: 0}
  m_PrefabAsset: {fileID: 0}
  serializedVersion: 6
  m_Component:
  - component: {fileID: 3775261341178778917}
  - component: {fileID: 3775261341178778920}
  - component: {fileID: 3775261341178778919}
  - component: {fileID: 3775261341178778918}
  m_Layer: 11
  m_Name: PenHolder_01_snaps001 (1)
  m_TagString: Untagged
  m_Icon: {fileID: 0}
  m_NavMeshLayer: 1
  m_StaticEditorFlags: 4294967295
  m_IsActive: 1
--- !u!4 &3775261341178778917
Transform:
  m_ObjectHideFlags: 0
  m_CorrespondingSourceObject: {fileID: 0}
  m_PrefabInstance: {fileID: 0}
  m_PrefabAsset: {fileID: 0}
  m_GameObject: {fileID: 3775261341178778916}
  m_LocalRotation: {x: -0, y: -0, z: -0, w: 1}
  m_LocalPosition: {x: 21.138, y: 0.8125, z: 9.2}
  m_LocalScale: {x: 1, y: 1, z: 1}
  m_Children: []
  m_Father: {fileID: 3775261343165957809}
  m_RootOrder: 9
  m_LocalEulerAnglesHint: {x: 0, y: 0, z: 0}
--- !u!33 &3775261341178778920
MeshFilter:
  m_ObjectHideFlags: 0
  m_CorrespondingSourceObject: {fileID: 0}
  m_PrefabInstance: {fileID: 0}
  m_PrefabAsset: {fileID: 0}
  m_GameObject: {fileID: 3775261341178778916}
  m_Mesh: {fileID: 4300000, guid: 12876f32a9582bc42b01e2801126c4bc, type: 2}
--- !u!23 &3775261341178778919
MeshRenderer:
  m_ObjectHideFlags: 0
  m_CorrespondingSourceObject: {fileID: 0}
  m_PrefabInstance: {fileID: 0}
  m_PrefabAsset: {fileID: 0}
  m_GameObject: {fileID: 3775261341178778916}
  m_Enabled: 1
  m_CastShadows: 1
  m_ReceiveShadows: 1
  m_DynamicOccludee: 1
  m_MotionVectors: 1
  m_LightProbeUsage: 1
  m_ReflectionProbeUsage: 1
  m_RayTracingMode: 2
  m_RenderingLayerMask: 4294967295
  m_RendererPriority: 0
  m_Materials:
  - {fileID: 2100000, guid: 8621dfcb3dbf229428e45425021e0875, type: 2}
  - {fileID: 2100000, guid: 15cb6b096bb78c7479c93c6e26153387, type: 2}
  - {fileID: 2100000, guid: ae2efeea9c901af48b6bb19d9981d5d2, type: 2}
  m_StaticBatchInfo:
    firstSubMesh: 0
    subMeshCount: 0
  m_StaticBatchRoot: {fileID: 0}
  m_ProbeAnchor: {fileID: 0}
  m_LightProbeVolumeOverride: {fileID: 0}
  m_ScaleInLightmap: 1
  m_ReceiveGI: 1
  m_PreserveUVs: 0
  m_IgnoreNormalsForChartDetection: 0
  m_ImportantGI: 0
  m_StitchLightmapSeams: 0
  m_SelectedEditorRenderState: 2
  m_MinimumChartSize: 4
  m_AutoUVMaxDistance: 0.5
  m_AutoUVMaxAngle: 89
  m_LightmapParameters: {fileID: 0}
  m_SortingLayerID: 0
  m_SortingLayer: 0
  m_SortingOrder: 0
--- !u!64 &3775261341178778918
MeshCollider:
  m_ObjectHideFlags: 0
  m_CorrespondingSourceObject: {fileID: 0}
  m_PrefabInstance: {fileID: 0}
  m_PrefabAsset: {fileID: 0}
  m_GameObject: {fileID: 3775261341178778916}
  m_Material: {fileID: 0}
  m_IsTrigger: 0
  m_Enabled: 1
  serializedVersion: 4
  m_Convex: 0
  m_CookingOptions: 30
  m_Mesh: {fileID: 4300000, guid: 12876f32a9582bc42b01e2801126c4bc, type: 2}
--- !u!1 &3775261341340783427
GameObject:
  m_ObjectHideFlags: 0
  m_CorrespondingSourceObject: {fileID: 0}
  m_PrefabInstance: {fileID: 0}
  m_PrefabAsset: {fileID: 0}
  serializedVersion: 6
  m_Component:
  - component: {fileID: 3775261341340783428}
  - component: {fileID: 3775261341340783431}
  - component: {fileID: 3775261341340783430}
  - component: {fileID: 3775261341340783429}
  m_Layer: 11
  m_Name: OfficeChair_01_snaps001
  m_TagString: Untagged
  m_Icon: {fileID: 0}
  m_NavMeshLayer: 1
  m_StaticEditorFlags: 4294967295
  m_IsActive: 1
--- !u!4 &3775261341340783428
Transform:
  m_ObjectHideFlags: 0
  m_CorrespondingSourceObject: {fileID: 0}
  m_PrefabInstance: {fileID: 0}
  m_PrefabAsset: {fileID: 0}
  m_GameObject: {fileID: 3775261341340783427}
  m_LocalRotation: {x: 0, y: 1, z: 0, w: 0}
  m_LocalPosition: {x: 20.472372, y: 0, z: 8.238556}
  m_LocalScale: {x: 1, y: 1, z: 1}
  m_Children: []
  m_Father: {fileID: 3775261343165957809}
  m_RootOrder: 3
  m_LocalEulerAnglesHint: {x: 0, y: 180, z: 0}
--- !u!33 &3775261341340783431
MeshFilter:
  m_ObjectHideFlags: 0
  m_CorrespondingSourceObject: {fileID: 0}
  m_PrefabInstance: {fileID: 0}
  m_PrefabAsset: {fileID: 0}
  m_GameObject: {fileID: 3775261341340783427}
  m_Mesh: {fileID: 4300000, guid: 8fc3f5342b29a4645a192f335d0e21ea, type: 2}
--- !u!23 &3775261341340783430
MeshRenderer:
  m_ObjectHideFlags: 0
  m_CorrespondingSourceObject: {fileID: 0}
  m_PrefabInstance: {fileID: 0}
  m_PrefabAsset: {fileID: 0}
  m_GameObject: {fileID: 3775261341340783427}
  m_Enabled: 1
  m_CastShadows: 1
  m_ReceiveShadows: 1
  m_DynamicOccludee: 1
  m_MotionVectors: 1
  m_LightProbeUsage: 1
  m_ReflectionProbeUsage: 1
  m_RayTracingMode: 2
  m_RenderingLayerMask: 4294967295
  m_RendererPriority: 0
  m_Materials:
  - {fileID: 2100000, guid: 8621dfcb3dbf229428e45425021e0875, type: 2}
  - {fileID: -4776846329848355761, guid: 1508f8236f4a6edb5af6fb5b0e281d66, type: 3}
  m_StaticBatchInfo:
    firstSubMesh: 0
    subMeshCount: 0
  m_StaticBatchRoot: {fileID: 0}
  m_ProbeAnchor: {fileID: 0}
  m_LightProbeVolumeOverride: {fileID: 0}
  m_ScaleInLightmap: 1
  m_ReceiveGI: 1
  m_PreserveUVs: 0
  m_IgnoreNormalsForChartDetection: 0
  m_ImportantGI: 0
  m_StitchLightmapSeams: 0
  m_SelectedEditorRenderState: 2
  m_MinimumChartSize: 4
  m_AutoUVMaxDistance: 0.5
  m_AutoUVMaxAngle: 89
  m_LightmapParameters: {fileID: 0}
  m_SortingLayerID: 0
  m_SortingLayer: 0
  m_SortingOrder: 0
--- !u!64 &3775261341340783429
MeshCollider:
  m_ObjectHideFlags: 0
  m_CorrespondingSourceObject: {fileID: 0}
  m_PrefabInstance: {fileID: 0}
  m_PrefabAsset: {fileID: 0}
  m_GameObject: {fileID: 3775261341340783427}
  m_Material: {fileID: 0}
  m_IsTrigger: 0
  m_Enabled: 1
  serializedVersion: 4
  m_Convex: 0
  m_CookingOptions: 30
  m_Mesh: {fileID: 4300000, guid: 8fc3f5342b29a4645a192f335d0e21ea, type: 2}
--- !u!1 &3775261341357163958
GameObject:
  m_ObjectHideFlags: 0
  m_CorrespondingSourceObject: {fileID: 0}
  m_PrefabInstance: {fileID: 0}
  m_PrefabAsset: {fileID: 0}
  serializedVersion: 6
  m_Component:
  - component: {fileID: 3775261341357163959}
  - component: {fileID: 3775261341357163962}
  - component: {fileID: 3775261341357163961}
  - component: {fileID: 3775261341357163960}
  m_Layer: 11
  m_Name: PenHolder_01_snaps001
  m_TagString: Untagged
  m_Icon: {fileID: 0}
  m_NavMeshLayer: 1
  m_StaticEditorFlags: 4294967295
  m_IsActive: 1
--- !u!4 &3775261341357163959
Transform:
  m_ObjectHideFlags: 0
  m_CorrespondingSourceObject: {fileID: 0}
  m_PrefabInstance: {fileID: 0}
  m_PrefabAsset: {fileID: 0}
  m_GameObject: {fileID: 3775261341357163958}
  m_LocalRotation: {x: -0, y: -0, z: -0, w: 1}
  m_LocalPosition: {x: 21.25, y: 0.8125, z: 9}
  m_LocalScale: {x: 1, y: 1, z: 1}
  m_Children: []
  m_Father: {fileID: 3775261343165957809}
  m_RootOrder: 8
  m_LocalEulerAnglesHint: {x: 0, y: 0, z: 0}
--- !u!33 &3775261341357163962
MeshFilter:
  m_ObjectHideFlags: 0
  m_CorrespondingSourceObject: {fileID: 0}
  m_PrefabInstance: {fileID: 0}
  m_PrefabAsset: {fileID: 0}
  m_GameObject: {fileID: 3775261341357163958}
  m_Mesh: {fileID: 4300000, guid: 12876f32a9582bc42b01e2801126c4bc, type: 2}
--- !u!23 &3775261341357163961
MeshRenderer:
  m_ObjectHideFlags: 0
  m_CorrespondingSourceObject: {fileID: 0}
  m_PrefabInstance: {fileID: 0}
  m_PrefabAsset: {fileID: 0}
  m_GameObject: {fileID: 3775261341357163958}
  m_Enabled: 1
  m_CastShadows: 1
  m_ReceiveShadows: 1
  m_DynamicOccludee: 1
  m_MotionVectors: 1
  m_LightProbeUsage: 1
  m_ReflectionProbeUsage: 1
  m_RayTracingMode: 2
  m_RenderingLayerMask: 4294967295
  m_RendererPriority: 0
  m_Materials:
  - {fileID: 2100000, guid: 8621dfcb3dbf229428e45425021e0875, type: 2}
  - {fileID: 2100000, guid: 15cb6b096bb78c7479c93c6e26153387, type: 2}
  - {fileID: 2100000, guid: ae2efeea9c901af48b6bb19d9981d5d2, type: 2}
  m_StaticBatchInfo:
    firstSubMesh: 0
    subMeshCount: 0
  m_StaticBatchRoot: {fileID: 0}
  m_ProbeAnchor: {fileID: 0}
  m_LightProbeVolumeOverride: {fileID: 0}
  m_ScaleInLightmap: 1
  m_ReceiveGI: 1
  m_PreserveUVs: 0
  m_IgnoreNormalsForChartDetection: 0
  m_ImportantGI: 0
  m_StitchLightmapSeams: 0
  m_SelectedEditorRenderState: 2
  m_MinimumChartSize: 4
  m_AutoUVMaxDistance: 0.5
  m_AutoUVMaxAngle: 89
  m_LightmapParameters: {fileID: 0}
  m_SortingLayerID: 0
  m_SortingLayer: 0
  m_SortingOrder: 0
--- !u!64 &3775261341357163960
MeshCollider:
  m_ObjectHideFlags: 0
  m_CorrespondingSourceObject: {fileID: 0}
  m_PrefabInstance: {fileID: 0}
  m_PrefabAsset: {fileID: 0}
  m_GameObject: {fileID: 3775261341357163958}
  m_Material: {fileID: 0}
  m_IsTrigger: 0
  m_Enabled: 1
  serializedVersion: 4
  m_Convex: 0
  m_CookingOptions: 30
  m_Mesh: {fileID: 4300000, guid: 12876f32a9582bc42b01e2801126c4bc, type: 2}
--- !u!1 &3775261341444348660
GameObject:
  m_ObjectHideFlags: 0
  m_CorrespondingSourceObject: {fileID: 0}
  m_PrefabInstance: {fileID: 0}
  m_PrefabAsset: {fileID: 0}
  serializedVersion: 6
  m_Component:
  - component: {fileID: 3775261341444348661}
  - component: {fileID: 3775261341444348664}
  - component: {fileID: 3775261341444348663}
  - component: {fileID: 3775261341444348662}
  m_Layer: 11
  m_Name: Monitor_01_snaps001
  m_TagString: Untagged
  m_Icon: {fileID: 0}
  m_NavMeshLayer: 1
  m_StaticEditorFlags: 4294967295
  m_IsActive: 1
--- !u!4 &3775261341444348661
Transform:
  m_ObjectHideFlags: 0
  m_CorrespondingSourceObject: {fileID: 0}
  m_PrefabInstance: {fileID: 0}
  m_PrefabAsset: {fileID: 0}
  m_GameObject: {fileID: 3775261341444348660}
  m_LocalRotation: {x: -0, y: -0.0000004768371, z: -0, w: -1}
  m_LocalPosition: {x: 20.5, y: 0.8125, z: 9.4375}
  m_LocalScale: {x: 1, y: 1, z: 1}
  m_Children: []
  m_Father: {fileID: 3775261343165957809}
  m_RootOrder: 5
  m_LocalEulerAnglesHint: {x: 0, y: -360, z: 0}
--- !u!33 &3775261341444348664
MeshFilter:
  m_ObjectHideFlags: 0
  m_CorrespondingSourceObject: {fileID: 0}
  m_PrefabInstance: {fileID: 0}
  m_PrefabAsset: {fileID: 0}
  m_GameObject: {fileID: 3775261341444348660}
  m_Mesh: {fileID: 4300000, guid: 934679b03cd0e784298507200fcd57d1, type: 2}
--- !u!23 &3775261341444348663
MeshRenderer:
  m_ObjectHideFlags: 0
  m_CorrespondingSourceObject: {fileID: 0}
  m_PrefabInstance: {fileID: 0}
  m_PrefabAsset: {fileID: 0}
  m_GameObject: {fileID: 3775261341444348660}
  m_Enabled: 1
  m_CastShadows: 1
  m_ReceiveShadows: 1
  m_DynamicOccludee: 1
  m_MotionVectors: 1
  m_LightProbeUsage: 1
  m_ReflectionProbeUsage: 1
  m_RayTracingMode: 2
  m_RenderingLayerMask: 4294967295
  m_RendererPriority: 0
  m_Materials:
  - {fileID: 2100000, guid: 0311cbb0184a51845912c30ec478cb8e, type: 2}
  - {fileID: 2100000, guid: 15cb6b096bb78c7479c93c6e26153387, type: 2}
  - {fileID: 2100000, guid: 8621dfcb3dbf229428e45425021e0875, type: 2}
  m_StaticBatchInfo:
    firstSubMesh: 0
    subMeshCount: 0
  m_StaticBatchRoot: {fileID: 0}
  m_ProbeAnchor: {fileID: 0}
  m_LightProbeVolumeOverride: {fileID: 0}
  m_ScaleInLightmap: 1
  m_ReceiveGI: 1
  m_PreserveUVs: 0
  m_IgnoreNormalsForChartDetection: 0
  m_ImportantGI: 0
  m_StitchLightmapSeams: 0
  m_SelectedEditorRenderState: 2
  m_MinimumChartSize: 4
  m_AutoUVMaxDistance: 0.5
  m_AutoUVMaxAngle: 89
  m_LightmapParameters: {fileID: 0}
  m_SortingLayerID: 0
  m_SortingLayer: 0
  m_SortingOrder: 0
--- !u!64 &3775261341444348662
MeshCollider:
  m_ObjectHideFlags: 0
  m_CorrespondingSourceObject: {fileID: 0}
  m_PrefabInstance: {fileID: 0}
  m_PrefabAsset: {fileID: 0}
  m_GameObject: {fileID: 3775261341444348660}
  m_Material: {fileID: 0}
  m_IsTrigger: 0
  m_Enabled: 1
  serializedVersion: 4
  m_Convex: 0
  m_CookingOptions: 30
  m_Mesh: {fileID: 4300000, guid: 934679b03cd0e784298507200fcd57d1, type: 2}
--- !u!1 &3775261341595541317
GameObject:
  m_ObjectHideFlags: 0
  m_CorrespondingSourceObject: {fileID: 0}
  m_PrefabInstance: {fileID: 0}
  m_PrefabAsset: {fileID: 0}
  serializedVersion: 6
  m_Component:
  - component: {fileID: 3775261341595541318}
  - component: {fileID: 3775261341595541321}
  - component: {fileID: 3775261341595541320}
  - component: {fileID: 3775261341595541319}
  m_Layer: 11
  m_Name: Computer_01_snaps001
  m_TagString: Untagged
  m_Icon: {fileID: 0}
  m_NavMeshLayer: 1
  m_StaticEditorFlags: 4294967295
  m_IsActive: 1
--- !u!4 &3775261341595541318
Transform:
  m_ObjectHideFlags: 0
  m_CorrespondingSourceObject: {fileID: 0}
  m_PrefabInstance: {fileID: 0}
  m_PrefabAsset: {fileID: 0}
  m_GameObject: {fileID: 3775261341595541317}
  m_LocalRotation: {x: -0, y: -1, z: -0, w: 0.00000017881392}
  m_LocalPosition: {x: 19.812, y: 0.814, z: 9.25}
  m_LocalScale: {x: 1, y: 1, z: 1}
  m_Children: []
  m_Father: {fileID: 3775261343165957809}
  m_RootOrder: 6
  m_LocalEulerAnglesHint: {x: 0, y: -180.00002, z: 0}
--- !u!33 &3775261341595541321
MeshFilter:
  m_ObjectHideFlags: 0
  m_CorrespondingSourceObject: {fileID: 0}
  m_PrefabInstance: {fileID: 0}
  m_PrefabAsset: {fileID: 0}
  m_GameObject: {fileID: 3775261341595541317}
  m_Mesh: {fileID: 4300000, guid: e3178635bbe129e44891035d7f1d2851, type: 2}
--- !u!23 &3775261341595541320
MeshRenderer:
  m_ObjectHideFlags: 0
  m_CorrespondingSourceObject: {fileID: 0}
  m_PrefabInstance: {fileID: 0}
  m_PrefabAsset: {fileID: 0}
  m_GameObject: {fileID: 3775261341595541317}
  m_Enabled: 1
  m_CastShadows: 1
  m_ReceiveShadows: 1
  m_DynamicOccludee: 1
  m_MotionVectors: 1
  m_LightProbeUsage: 1
  m_ReflectionProbeUsage: 1
  m_RayTracingMode: 2
  m_RenderingLayerMask: 4294967295
  m_RendererPriority: 0
  m_Materials:
  - {fileID: 2100000, guid: 8621dfcb3dbf229428e45425021e0875, type: 2}
  - {fileID: 2100000, guid: 15cb6b096bb78c7479c93c6e26153387, type: 2}
  m_StaticBatchInfo:
    firstSubMesh: 0
    subMeshCount: 0
  m_StaticBatchRoot: {fileID: 0}
  m_ProbeAnchor: {fileID: 0}
  m_LightProbeVolumeOverride: {fileID: 0}
  m_ScaleInLightmap: 1
  m_ReceiveGI: 1
  m_PreserveUVs: 0
  m_IgnoreNormalsForChartDetection: 0
  m_ImportantGI: 0
  m_StitchLightmapSeams: 0
  m_SelectedEditorRenderState: 2
  m_MinimumChartSize: 4
  m_AutoUVMaxDistance: 0.5
  m_AutoUVMaxAngle: 89
  m_LightmapParameters: {fileID: 0}
  m_SortingLayerID: 0
  m_SortingLayer: 0
  m_SortingOrder: 0
--- !u!64 &3775261341595541319
MeshCollider:
  m_ObjectHideFlags: 0
  m_CorrespondingSourceObject: {fileID: 0}
  m_PrefabInstance: {fileID: 0}
  m_PrefabAsset: {fileID: 0}
  m_GameObject: {fileID: 3775261341595541317}
  m_Material: {fileID: 0}
  m_IsTrigger: 0
  m_Enabled: 1
  serializedVersion: 4
  m_Convex: 0
  m_CookingOptions: 30
  m_Mesh: {fileID: 4300000, guid: e3178635bbe129e44891035d7f1d2851, type: 2}
--- !u!1 &3775261342409936305
GameObject:
  m_ObjectHideFlags: 0
  m_CorrespondingSourceObject: {fileID: 0}
  m_PrefabInstance: {fileID: 0}
  m_PrefabAsset: {fileID: 0}
  serializedVersion: 6
  m_Component:
  - component: {fileID: 3775261342409936306}
  - component: {fileID: 3775261342409936309}
  - component: {fileID: 3775261342409936308}
  - component: {fileID: 3775261342409936307}
  m_Layer: 11
  m_Name: ComputerDesk_01_snaps001
  m_TagString: Untagged
  m_Icon: {fileID: 0}
  m_NavMeshLayer: 1
  m_StaticEditorFlags: 4294967295
  m_IsActive: 1
--- !u!4 &3775261342409936306
Transform:
  m_ObjectHideFlags: 0
  m_CorrespondingSourceObject: {fileID: 0}
  m_PrefabInstance: {fileID: 0}
  m_PrefabAsset: {fileID: 0}
  m_GameObject: {fileID: 3775261342409936305}
  m_LocalRotation: {x: -0, y: -1, z: -0, w: 0.00000017881392}
  m_LocalPosition: {x: 20.5, y: 0, z: 9.242199}
  m_LocalScale: {x: 1, y: 1, z: 1}
  m_Children: []
  m_Father: {fileID: 3775261343165957809}
  m_RootOrder: 7
  m_LocalEulerAnglesHint: {x: 0, y: -180.00002, z: 0}
--- !u!33 &3775261342409936309
MeshFilter:
  m_ObjectHideFlags: 0
  m_CorrespondingSourceObject: {fileID: 0}
  m_PrefabInstance: {fileID: 0}
  m_PrefabAsset: {fileID: 0}
  m_GameObject: {fileID: 3775261342409936305}
  m_Mesh: {fileID: 4300000, guid: 54d64021c660d164f8d7f9461497586d, type: 2}
--- !u!23 &3775261342409936308
MeshRenderer:
  m_ObjectHideFlags: 0
  m_CorrespondingSourceObject: {fileID: 0}
  m_PrefabInstance: {fileID: 0}
  m_PrefabAsset: {fileID: 0}
  m_GameObject: {fileID: 3775261342409936305}
  m_Enabled: 1
  m_CastShadows: 1
  m_ReceiveShadows: 1
  m_DynamicOccludee: 1
  m_MotionVectors: 1
  m_LightProbeUsage: 1
  m_ReflectionProbeUsage: 1
  m_RayTracingMode: 2
  m_RenderingLayerMask: 4294967295
  m_RendererPriority: 0
  m_Materials:
  - {fileID: 2100000, guid: 8621dfcb3dbf229428e45425021e0875, type: 2}
  - {fileID: 2100000, guid: 2c0bb951fb8a2e44a9fb35bc4af3d739, type: 2}
  - {fileID: 2100000, guid: 15cb6b096bb78c7479c93c6e26153387, type: 2}
  m_StaticBatchInfo:
    firstSubMesh: 0
    subMeshCount: 0
  m_StaticBatchRoot: {fileID: 0}
  m_ProbeAnchor: {fileID: 0}
  m_LightProbeVolumeOverride: {fileID: 0}
  m_ScaleInLightmap: 1
  m_ReceiveGI: 1
  m_PreserveUVs: 0
  m_IgnoreNormalsForChartDetection: 0
  m_ImportantGI: 0
  m_StitchLightmapSeams: 0
  m_SelectedEditorRenderState: 2
  m_MinimumChartSize: 4
  m_AutoUVMaxDistance: 0.5
  m_AutoUVMaxAngle: 89
  m_LightmapParameters: {fileID: 0}
  m_SortingLayerID: 0
  m_SortingLayer: 0
  m_SortingOrder: 0
--- !u!64 &3775261342409936307
MeshCollider:
  m_ObjectHideFlags: 0
  m_CorrespondingSourceObject: {fileID: 0}
  m_PrefabInstance: {fileID: 0}
  m_PrefabAsset: {fileID: 0}
  m_GameObject: {fileID: 3775261342409936305}
  m_Material: {fileID: 0}
  m_IsTrigger: 0
  m_Enabled: 1
  serializedVersion: 4
  m_Convex: 0
  m_CookingOptions: 30
  m_Mesh: {fileID: 4300000, guid: 54d64021c660d164f8d7f9461497586d, type: 2}
--- !u!1 &3775261342886770163
GameObject:
  m_ObjectHideFlags: 0
  m_CorrespondingSourceObject: {fileID: 0}
  m_PrefabInstance: {fileID: 0}
  m_PrefabAsset: {fileID: 0}
  serializedVersion: 6
  m_Component:
  - component: {fileID: 3775261342886770164}
  - component: {fileID: 3775261342886770167}
  - component: {fileID: 3775261342886770166}
  - component: {fileID: 3775261342886770165}
  m_Layer: 11
  m_Name: CoffeeMug_01_snaps001
  m_TagString: Untagged
  m_Icon: {fileID: 0}
  m_NavMeshLayer: 1
  m_StaticEditorFlags: 4294967295
  m_IsActive: 1
--- !u!4 &3775261342886770164
Transform:
  m_ObjectHideFlags: 0
  m_CorrespondingSourceObject: {fileID: 0}
  m_PrefabInstance: {fileID: 0}
  m_PrefabAsset: {fileID: 0}
  m_GameObject: {fileID: 3775261342886770163}
  m_LocalRotation: {x: -0, y: -1, z: -0, w: 0.00000017881392}
  m_LocalPosition: {x: 21, y: 0.8125, z: 9}
  m_LocalScale: {x: 1, y: 1, z: 1}
  m_Children: []
  m_Father: {fileID: 3775261343165957809}
  m_RootOrder: 4
  m_LocalEulerAnglesHint: {x: 0, y: -180.00002, z: 0}
--- !u!33 &3775261342886770167
MeshFilter:
  m_ObjectHideFlags: 0
  m_CorrespondingSourceObject: {fileID: 0}
  m_PrefabInstance: {fileID: 0}
  m_PrefabAsset: {fileID: 0}
  m_GameObject: {fileID: 3775261342886770163}
  m_Mesh: {fileID: 4300000, guid: cba4b234440c48f4da95dbd0734b2cf7, type: 2}
--- !u!23 &3775261342886770166
MeshRenderer:
  m_ObjectHideFlags: 0
  m_CorrespondingSourceObject: {fileID: 0}
  m_PrefabInstance: {fileID: 0}
  m_PrefabAsset: {fileID: 0}
  m_GameObject: {fileID: 3775261342886770163}
  m_Enabled: 1
  m_CastShadows: 1
  m_ReceiveShadows: 1
  m_DynamicOccludee: 1
  m_MotionVectors: 1
  m_LightProbeUsage: 1
  m_ReflectionProbeUsage: 1
  m_RayTracingMode: 2
  m_RenderingLayerMask: 4294967295
  m_RendererPriority: 0
  m_Materials:
  - {fileID: 2100000, guid: 8621dfcb3dbf229428e45425021e0875, type: 2}
  - {fileID: 2100000, guid: 2c0bb951fb8a2e44a9fb35bc4af3d739, type: 2}
  m_StaticBatchInfo:
    firstSubMesh: 0
    subMeshCount: 0
  m_StaticBatchRoot: {fileID: 0}
  m_ProbeAnchor: {fileID: 0}
  m_LightProbeVolumeOverride: {fileID: 0}
  m_ScaleInLightmap: 1
  m_ReceiveGI: 1
  m_PreserveUVs: 0
  m_IgnoreNormalsForChartDetection: 0
  m_ImportantGI: 0
  m_StitchLightmapSeams: 0
  m_SelectedEditorRenderState: 2
  m_MinimumChartSize: 4
  m_AutoUVMaxDistance: 0.5
  m_AutoUVMaxAngle: 89
  m_LightmapParameters: {fileID: 0}
  m_SortingLayerID: 0
  m_SortingLayer: 0
  m_SortingOrder: 0
--- !u!64 &3775261342886770165
MeshCollider:
  m_ObjectHideFlags: 0
  m_CorrespondingSourceObject: {fileID: 0}
  m_PrefabInstance: {fileID: 0}
  m_PrefabAsset: {fileID: 0}
  m_GameObject: {fileID: 3775261342886770163}
  m_Material: {fileID: 0}
  m_IsTrigger: 0
  m_Enabled: 1
  serializedVersion: 4
  m_Convex: 0
  m_CookingOptions: 30
  m_Mesh: {fileID: 4300000, guid: cba4b234440c48f4da95dbd0734b2cf7, type: 2}
--- !u!1 &3775261343165957808
GameObject:
  m_ObjectHideFlags: 0
  m_CorrespondingSourceObject: {fileID: 0}
  m_PrefabInstance: {fileID: 0}
  m_PrefabAsset: {fileID: 0}
  serializedVersion: 6
  m_Component:
  - component: {fileID: 3775261343165957809}
  m_Layer: 11
  m_Name: DeskT2
  m_TagString: Untagged
  m_Icon: {fileID: 0}
  m_NavMeshLayer: 1
  m_StaticEditorFlags: 4294967295
  m_IsActive: 1
--- !u!4 &3775261343165957809
Transform:
  m_ObjectHideFlags: 0
  m_CorrespondingSourceObject: {fileID: 0}
  m_PrefabInstance: {fileID: 0}
  m_PrefabAsset: {fileID: 0}
  m_GameObject: {fileID: 3775261343165957808}
  m_LocalRotation: {x: -0, y: 0.7071068, z: -0, w: 0.7071068}
  m_LocalPosition: {x: 30.52, y: -62.98, z: 125.51}
  m_LocalScale: {x: 4, y: 4, z: 4}
  m_Children:
  - {fileID: 4194031658134111762}
  - {fileID: 3775261342311569869}
  - {fileID: 1280898139854320389}
  - {fileID: 3775261341340783428}
  - {fileID: 3775261342886770164}
  - {fileID: 3775261341444348661}
  - {fileID: 3775261341595541318}
  - {fileID: 3775261342409936306}
  - {fileID: 3775261341357163959}
  - {fileID: 3775261341178778917}
  - {fileID: 8151190963194448154}
  - {fileID: 8151190963264164005}
  m_Father: {fileID: 0}
  m_RootOrder: 0
  m_LocalEulerAnglesHint: {x: 0, y: 90, z: 0}
--- !u!1001 &3775261341058458112
PrefabInstance:
  m_ObjectHideFlags: 0
  serializedVersion: 2
  m_Modification:
    m_TransformParent: {fileID: 3775261343165957809}
    m_Modifications:
    - target: {fileID: -4216859302048453862, guid: 422178565fb791f4bae470eea6c7994c,
        type: 3}
      propertyPath: m_LocalPosition.x
      value: 20.729
      objectReference: {fileID: 0}
    - target: {fileID: -4216859302048453862, guid: 422178565fb791f4bae470eea6c7994c,
        type: 3}
      propertyPath: m_LocalPosition.y
      value: 0.80774975
      objectReference: {fileID: 0}
    - target: {fileID: -4216859302048453862, guid: 422178565fb791f4bae470eea6c7994c,
        type: 3}
      propertyPath: m_LocalPosition.z
      value: 9.216
      objectReference: {fileID: 0}
    - target: {fileID: -4216859302048453862, guid: 422178565fb791f4bae470eea6c7994c,
        type: 3}
      propertyPath: m_LocalRotation.x
      value: -0
      objectReference: {fileID: 0}
    - target: {fileID: -4216859302048453862, guid: 422178565fb791f4bae470eea6c7994c,
        type: 3}
      propertyPath: m_LocalRotation.y
      value: -0.7071068
      objectReference: {fileID: 0}
    - target: {fileID: -4216859302048453862, guid: 422178565fb791f4bae470eea6c7994c,
        type: 3}
      propertyPath: m_LocalRotation.z
      value: -0
      objectReference: {fileID: 0}
    - target: {fileID: -4216859302048453862, guid: 422178565fb791f4bae470eea6c7994c,
        type: 3}
      propertyPath: m_LocalRotation.w
      value: 0.7071068
      objectReference: {fileID: 0}
    - target: {fileID: -4216859302048453862, guid: 422178565fb791f4bae470eea6c7994c,
        type: 3}
      propertyPath: m_RootOrder
      value: 10
      objectReference: {fileID: 0}
    - target: {fileID: -4216859302048453862, guid: 422178565fb791f4bae470eea6c7994c,
        type: 3}
      propertyPath: m_LocalEulerAnglesHint.x
      value: 0
      objectReference: {fileID: 0}
    - target: {fileID: -4216859302048453862, guid: 422178565fb791f4bae470eea6c7994c,
        type: 3}
      propertyPath: m_LocalEulerAnglesHint.y
      value: 0
      objectReference: {fileID: 0}
    - target: {fileID: -4216859302048453862, guid: 422178565fb791f4bae470eea6c7994c,
        type: 3}
      propertyPath: m_LocalEulerAnglesHint.z
      value: 0
      objectReference: {fileID: 0}
    - target: {fileID: -4216859302048453862, guid: 422178565fb791f4bae470eea6c7994c,
        type: 3}
      propertyPath: m_LocalScale.x
      value: 1.6268247
      objectReference: {fileID: 0}
    - target: {fileID: -4216859302048453862, guid: 422178565fb791f4bae470eea6c7994c,
        type: 3}
      propertyPath: m_LocalScale.y
      value: 1.626825
      objectReference: {fileID: 0}
    - target: {fileID: -4216859302048453862, guid: 422178565fb791f4bae470eea6c7994c,
        type: 3}
      propertyPath: m_LocalScale.z
      value: 1.6268247
      objectReference: {fileID: 0}
    - target: {fileID: -927199367670048503, guid: 422178565fb791f4bae470eea6c7994c,
        type: 3}
      propertyPath: m_Name
      value: Smartphone001 (1)
      objectReference: {fileID: 0}
    - target: {fileID: -927199367670048503, guid: 422178565fb791f4bae470eea6c7994c,
        type: 3}
      propertyPath: m_Layer
      value: 11
      objectReference: {fileID: 0}
    - target: {fileID: 2534866581884222612, guid: 422178565fb791f4bae470eea6c7994c,
        type: 3}
      propertyPath: m_Layer
      value: 11
      objectReference: {fileID: 0}
    m_RemovedComponents: []
  m_SourcePrefab: {fileID: 100100000, guid: 422178565fb791f4bae470eea6c7994c, type: 3}
--- !u!4 &8151190963194448154 stripped
Transform:
  m_CorrespondingSourceObject: {fileID: -4216859302048453862, guid: 422178565fb791f4bae470eea6c7994c,
    type: 3}
  m_PrefabInstance: {fileID: 3775261341058458112}
  m_PrefabAsset: {fileID: 0}
--- !u!1001 &3775261341127130047
PrefabInstance:
  m_ObjectHideFlags: 0
  serializedVersion: 2
  m_Modification:
    m_TransformParent: {fileID: 3775261343165957809}
    m_Modifications:
    - target: {fileID: -4216859302048453862, guid: 85e442cfaa87c68489cf57ee7ab88ab3,
        type: 3}
      propertyPath: m_LocalPosition.x
      value: 20.925
      objectReference: {fileID: 0}
    - target: {fileID: -4216859302048453862, guid: 85e442cfaa87c68489cf57ee7ab88ab3,
        type: 3}
      propertyPath: m_LocalPosition.y
      value: 0.8062496
      objectReference: {fileID: 0}
    - target: {fileID: -4216859302048453862, guid: 85e442cfaa87c68489cf57ee7ab88ab3,
        type: 3}
      propertyPath: m_LocalPosition.z
      value: 9.331502
      objectReference: {fileID: 0}
    - target: {fileID: -4216859302048453862, guid: 85e442cfaa87c68489cf57ee7ab88ab3,
        type: 3}
      propertyPath: m_LocalRotation.x
      value: -0
      objectReference: {fileID: 0}
    - target: {fileID: -4216859302048453862, guid: 85e442cfaa87c68489cf57ee7ab88ab3,
        type: 3}
      propertyPath: m_LocalRotation.y
      value: -0.7071068
      objectReference: {fileID: 0}
    - target: {fileID: -4216859302048453862, guid: 85e442cfaa87c68489cf57ee7ab88ab3,
        type: 3}
      propertyPath: m_LocalRotation.z
      value: -0
      objectReference: {fileID: 0}
    - target: {fileID: -4216859302048453862, guid: 85e442cfaa87c68489cf57ee7ab88ab3,
        type: 3}
      propertyPath: m_LocalRotation.w
      value: 0.7071068
      objectReference: {fileID: 0}
    - target: {fileID: -4216859302048453862, guid: 85e442cfaa87c68489cf57ee7ab88ab3,
        type: 3}
      propertyPath: m_RootOrder
      value: 11
      objectReference: {fileID: 0}
    - target: {fileID: -4216859302048453862, guid: 85e442cfaa87c68489cf57ee7ab88ab3,
        type: 3}
      propertyPath: m_LocalEulerAnglesHint.x
      value: 0
      objectReference: {fileID: 0}
    - target: {fileID: -4216859302048453862, guid: 85e442cfaa87c68489cf57ee7ab88ab3,
        type: 3}
      propertyPath: m_LocalEulerAnglesHint.y
      value: 0
      objectReference: {fileID: 0}
    - target: {fileID: -4216859302048453862, guid: 85e442cfaa87c68489cf57ee7ab88ab3,
        type: 3}
      propertyPath: m_LocalEulerAnglesHint.z
      value: 0
      objectReference: {fileID: 0}
    - target: {fileID: -4216859302048453862, guid: 85e442cfaa87c68489cf57ee7ab88ab3,
        type: 3}
      propertyPath: m_LocalScale.x
      value: 0.78064984
      objectReference: {fileID: 0}
    - target: {fileID: -4216859302048453862, guid: 85e442cfaa87c68489cf57ee7ab88ab3,
        type: 3}
      propertyPath: m_LocalScale.y
      value: 0.78065
      objectReference: {fileID: 0}
    - target: {fileID: -4216859302048453862, guid: 85e442cfaa87c68489cf57ee7ab88ab3,
        type: 3}
      propertyPath: m_LocalScale.z
      value: 0.78064984
      objectReference: {fileID: 0}
    - target: {fileID: -927199367670048503, guid: 85e442cfaa87c68489cf57ee7ab88ab3,
        type: 3}
      propertyPath: m_Name
      value: Notepad001 (1)
      objectReference: {fileID: 0}
    - target: {fileID: -927199367670048503, guid: 85e442cfaa87c68489cf57ee7ab88ab3,
        type: 3}
      propertyPath: m_Layer
      value: 11
      objectReference: {fileID: 0}
    - target: {fileID: 2534866581884222612, guid: 85e442cfaa87c68489cf57ee7ab88ab3,
        type: 3}
      propertyPath: m_Layer
      value: 11
      objectReference: {fileID: 0}
    m_RemovedComponents: []
  m_SourcePrefab: {fileID: 100100000, guid: 85e442cfaa87c68489cf57ee7ab88ab3, type: 3}
--- !u!4 &8151190963264164005 stripped
Transform:
  m_CorrespondingSourceObject: {fileID: -4216859302048453862, guid: 85e442cfaa87c68489cf57ee7ab88ab3,
    type: 3}
  m_PrefabInstance: {fileID: 3775261341127130047}
  m_PrefabAsset: {fileID: 0}
--- !u!1001 &3775261342311244807
PrefabInstance:
  m_ObjectHideFlags: 0
  serializedVersion: 2
  m_Modification:
    m_TransformParent: {fileID: 3775261343165957809}
    m_Modifications:
    - target: {fileID: 102444, guid: c0ce8524c1ebee34283d83b5bfabf4ba, type: 3}
      propertyPath: m_Name
      value: keyboard (4)
      objectReference: {fileID: 0}
    - target: {fileID: 102444, guid: c0ce8524c1ebee34283d83b5bfabf4ba, type: 3}
      propertyPath: m_StaticEditorFlags
      value: 4294967295
      objectReference: {fileID: 0}
    - target: {fileID: 102444, guid: c0ce8524c1ebee34283d83b5bfabf4ba, type: 3}
      propertyPath: m_NavMeshLayer
      value: 1
      objectReference: {fileID: 0}
    - target: {fileID: 102444, guid: c0ce8524c1ebee34283d83b5bfabf4ba, type: 3}
      propertyPath: m_Layer
      value: 11
      objectReference: {fileID: 0}
    - target: {fileID: 474570, guid: c0ce8524c1ebee34283d83b5bfabf4ba, type: 3}
      propertyPath: m_LocalPosition.x
      value: 20.222504
      objectReference: {fileID: 0}
    - target: {fileID: 474570, guid: c0ce8524c1ebee34283d83b5bfabf4ba, type: 3}
      propertyPath: m_LocalPosition.y
      value: 0.8140001
      objectReference: {fileID: 0}
    - target: {fileID: 474570, guid: c0ce8524c1ebee34283d83b5bfabf4ba, type: 3}
      propertyPath: m_LocalPosition.z
      value: 9.053002
      objectReference: {fileID: 0}
    - target: {fileID: 474570, guid: c0ce8524c1ebee34283d83b5bfabf4ba, type: 3}
      propertyPath: m_LocalRotation.x
      value: -0.7052451
      objectReference: {fileID: 0}
    - target: {fileID: 474570, guid: c0ce8524c1ebee34283d83b5bfabf4ba, type: 3}
      propertyPath: m_LocalRotation.y
      value: -0.0068537584
      objectReference: {fileID: 0}
    - target: {fileID: 474570, guid: c0ce8524c1ebee34283d83b5bfabf4ba, type: 3}
      propertyPath: m_LocalRotation.z
      value: -0.006818383
      objectReference: {fileID: 0}
    - target: {fileID: 474570, guid: c0ce8524c1ebee34283d83b5bfabf4ba, type: 3}
      propertyPath: m_LocalRotation.w
      value: 0.7088978
      objectReference: {fileID: 0}
    - target: {fileID: 474570, guid: c0ce8524c1ebee34283d83b5bfabf4ba, type: 3}
      propertyPath: m_RootOrder
      value: 1
      objectReference: {fileID: 0}
    - target: {fileID: 474570, guid: c0ce8524c1ebee34283d83b5bfabf4ba, type: 3}
      propertyPath: m_LocalEulerAnglesHint.x
      value: -89.705
      objectReference: {fileID: 0}
    - target: {fileID: 474570, guid: c0ce8524c1ebee34283d83b5bfabf4ba, type: 3}
      propertyPath: m_LocalEulerAnglesHint.y
      value: -1.11
      objectReference: {fileID: 0}
    - target: {fileID: 474570, guid: c0ce8524c1ebee34283d83b5bfabf4ba, type: 3}
      propertyPath: m_LocalEulerAnglesHint.z
      value: 0.002
      objectReference: {fileID: 0}
    - target: {fileID: 474570, guid: c0ce8524c1ebee34283d83b5bfabf4ba, type: 3}
      propertyPath: m_LocalScale.x
      value: 28
      objectReference: {fileID: 0}
    - target: {fileID: 474570, guid: c0ce8524c1ebee34283d83b5bfabf4ba, type: 3}
      propertyPath: m_LocalScale.y
      value: 30
      objectReference: {fileID: 0}
    - target: {fileID: 474570, guid: c0ce8524c1ebee34283d83b5bfabf4ba, type: 3}
      propertyPath: m_LocalScale.z
      value: 23
      objectReference: {fileID: 0}
    m_RemovedComponents: []
  m_SourcePrefab: {fileID: 100100000, guid: c0ce8524c1ebee34283d83b5bfabf4ba, type: 3}
--- !u!4 &3775261342311569869 stripped
Transform:
  m_CorrespondingSourceObject: {fileID: 474570, guid: c0ce8524c1ebee34283d83b5bfabf4ba,
    type: 3}
  m_PrefabInstance: {fileID: 3775261342311244807}
  m_PrefabAsset: {fileID: 0}
--- !u!1001 &3775261342747166801
PrefabInstance:
  m_ObjectHideFlags: 0
  serializedVersion: 2
  m_Modification:
    m_TransformParent: {fileID: 3775261343165957809}
    m_Modifications:
    - target: {fileID: 1439357455507835207, guid: 0ba2eafe78dcc854ba6a183c1ac30a99,
        type: 3}
      propertyPath: m_Name
      value: RecycleBin (17)
      objectReference: {fileID: 0}
    - target: {fileID: 1439357455507835207, guid: 0ba2eafe78dcc854ba6a183c1ac30a99,
        type: 3}
      propertyPath: m_StaticEditorFlags
      value: 4294967295
      objectReference: {fileID: 0}
    - target: {fileID: 1439357455507835207, guid: 0ba2eafe78dcc854ba6a183c1ac30a99,
        type: 3}
      propertyPath: m_NavMeshLayer
      value: 1
      objectReference: {fileID: 0}
    - target: {fileID: 1439357455507835207, guid: 0ba2eafe78dcc854ba6a183c1ac30a99,
        type: 3}
      propertyPath: m_Layer
      value: 11
      objectReference: {fileID: 0}
    - target: {fileID: 2471738953056688451, guid: 0ba2eafe78dcc854ba6a183c1ac30a99,
        type: 3}
      propertyPath: m_StaticEditorFlags
      value: 4294967295
      objectReference: {fileID: 0}
    - target: {fileID: 2471738953056688451, guid: 0ba2eafe78dcc854ba6a183c1ac30a99,
        type: 3}
      propertyPath: m_NavMeshLayer
      value: 1
      objectReference: {fileID: 0}
    - target: {fileID: 2471738953056688451, guid: 0ba2eafe78dcc854ba6a183c1ac30a99,
        type: 3}
      propertyPath: m_Layer
      value: 11
      objectReference: {fileID: 0}
    - target: {fileID: 2711947776031996756, guid: 0ba2eafe78dcc854ba6a183c1ac30a99,
        type: 3}
      propertyPath: m_LocalPosition.x
      value: 19.608
      objectReference: {fileID: 0}
    - target: {fileID: 2711947776031996756, guid: 0ba2eafe78dcc854ba6a183c1ac30a99,
        type: 3}
      propertyPath: m_LocalPosition.y
      value: 0.22249985
      objectReference: {fileID: 0}
    - target: {fileID: 2711947776031996756, guid: 0ba2eafe78dcc854ba6a183c1ac30a99,
        type: 3}
      propertyPath: m_LocalPosition.z
      value: 8.553
      objectReference: {fileID: 0}
    - target: {fileID: 2711947776031996756, guid: 0ba2eafe78dcc854ba6a183c1ac30a99,
        type: 3}
      propertyPath: m_LocalRotation.x
      value: -0
      objectReference: {fileID: 0}
    - target: {fileID: 2711947776031996756, guid: 0ba2eafe78dcc854ba6a183c1ac30a99,
        type: 3}
      propertyPath: m_LocalRotation.y
      value: -0.77180225
      objectReference: {fileID: 0}
    - target: {fileID: 2711947776031996756, guid: 0ba2eafe78dcc854ba6a183c1ac30a99,
        type: 3}
      propertyPath: m_LocalRotation.z
      value: -0
      objectReference: {fileID: 0}
    - target: {fileID: 2711947776031996756, guid: 0ba2eafe78dcc854ba6a183c1ac30a99,
        type: 3}
      propertyPath: m_LocalRotation.w
      value: -0.63586277
      objectReference: {fileID: 0}
    - target: {fileID: 2711947776031996756, guid: 0ba2eafe78dcc854ba6a183c1ac30a99,
        type: 3}
      propertyPath: m_RootOrder
      value: 2
      objectReference: {fileID: 0}
    - target: {fileID: 2711947776031996756, guid: 0ba2eafe78dcc854ba6a183c1ac30a99,
        type: 3}
      propertyPath: m_LocalEulerAnglesHint.x
      value: 0
      objectReference: {fileID: 0}
    - target: {fileID: 2711947776031996756, guid: 0ba2eafe78dcc854ba6a183c1ac30a99,
        type: 3}
      propertyPath: m_LocalEulerAnglesHint.y
      value: -168.968
      objectReference: {fileID: 0}
    - target: {fileID: 2711947776031996756, guid: 0ba2eafe78dcc854ba6a183c1ac30a99,
        type: 3}
      propertyPath: m_LocalEulerAnglesHint.z
      value: 0
      objectReference: {fileID: 0}
    - target: {fileID: 2711947776031996756, guid: 0ba2eafe78dcc854ba6a183c1ac30a99,
        type: 3}
      propertyPath: m_LocalScale.x
      value: 0.24999996
      objectReference: {fileID: 0}
    - target: {fileID: 2711947776031996756, guid: 0ba2eafe78dcc854ba6a183c1ac30a99,
        type: 3}
      propertyPath: m_LocalScale.y
      value: 0.25
      objectReference: {fileID: 0}
    - target: {fileID: 2711947776031996756, guid: 0ba2eafe78dcc854ba6a183c1ac30a99,
        type: 3}
      propertyPath: m_LocalScale.z
      value: 0.24999996
      objectReference: {fileID: 0}
    m_RemovedComponents: []
  m_SourcePrefab: {fileID: 100100000, guid: 0ba2eafe78dcc854ba6a183c1ac30a99, type: 3}
--- !u!4 &1280898139854320389 stripped
Transform:
  m_CorrespondingSourceObject: {fileID: 2711947776031996756, guid: 0ba2eafe78dcc854ba6a183c1ac30a99,
    type: 3}
  m_PrefabInstance: {fileID: 3775261342747166801}
  m_PrefabAsset: {fileID: 0}
--- !u!1001 &3775261343006256768
PrefabInstance:
  m_ObjectHideFlags: 0
  serializedVersion: 2
  m_Modification:
    m_TransformParent: {fileID: 3775261343165957809}
    m_Modifications:
    - target: {fileID: 78827621709405535, guid: da4ff62d342a49b45a41fbc1c0f73883,
        type: 3}
      propertyPath: m_StaticEditorFlags
      value: 4294967295
      objectReference: {fileID: 0}
    - target: {fileID: 78827621709405535, guid: da4ff62d342a49b45a41fbc1c0f73883,
        type: 3}
      propertyPath: m_NavMeshLayer
      value: 1
      objectReference: {fileID: 0}
    - target: {fileID: 78827621709405535, guid: da4ff62d342a49b45a41fbc1c0f73883,
        type: 3}
      propertyPath: m_Layer
      value: 11
      objectReference: {fileID: 0}
    - target: {fileID: 932186800901804883, guid: da4ff62d342a49b45a41fbc1c0f73883,
        type: 3}
      propertyPath: m_StaticEditorFlags
      value: 4294967295
      objectReference: {fileID: 0}
    - target: {fileID: 932186800901804883, guid: da4ff62d342a49b45a41fbc1c0f73883,
        type: 3}
      propertyPath: m_NavMeshLayer
      value: 1
      objectReference: {fileID: 0}
    - target: {fileID: 932186800901804883, guid: da4ff62d342a49b45a41fbc1c0f73883,
        type: 3}
      propertyPath: m_Layer
      value: 11
      objectReference: {fileID: 0}
    - target: {fileID: 1031427265100343442, guid: da4ff62d342a49b45a41fbc1c0f73883,
        type: 3}
      propertyPath: m_LocalPosition.x
      value: 21.2
      objectReference: {fileID: 0}
    - target: {fileID: 1031427265100343442, guid: da4ff62d342a49b45a41fbc1c0f73883,
        type: 3}
      propertyPath: m_LocalPosition.y
      value: 0.825
      objectReference: {fileID: 0}
    - target: {fileID: 1031427265100343442, guid: da4ff62d342a49b45a41fbc1c0f73883,
        type: 3}
      propertyPath: m_LocalPosition.z
      value: 9.362
      objectReference: {fileID: 0}
    - target: {fileID: 1031427265100343442, guid: da4ff62d342a49b45a41fbc1c0f73883,
        type: 3}
      propertyPath: m_LocalRotation.x
      value: -0
      objectReference: {fileID: 0}
    - target: {fileID: 1031427265100343442, guid: da4ff62d342a49b45a41fbc1c0f73883,
        type: 3}
      propertyPath: m_LocalRotation.y
      value: -0.9994171
      objectReference: {fileID: 0}
    - target: {fileID: 1031427265100343442, guid: da4ff62d342a49b45a41fbc1c0f73883,
        type: 3}
      propertyPath: m_LocalRotation.z
      value: -0
      objectReference: {fileID: 0}
    - target: {fileID: 1031427265100343442, guid: da4ff62d342a49b45a41fbc1c0f73883,
        type: 3}
      propertyPath: m_LocalRotation.w
      value: 0.034137186
      objectReference: {fileID: 0}
    - target: {fileID: 1031427265100343442, guid: da4ff62d342a49b45a41fbc1c0f73883,
        type: 3}
      propertyPath: m_RootOrder
      value: 0
      objectReference: {fileID: 0}
    - target: {fileID: 1031427265100343442, guid: da4ff62d342a49b45a41fbc1c0f73883,
        type: 3}
      propertyPath: m_LocalEulerAnglesHint.x
      value: 0
      objectReference: {fileID: 0}
    - target: {fileID: 1031427265100343442, guid: da4ff62d342a49b45a41fbc1c0f73883,
        type: 3}
      propertyPath: m_LocalEulerAnglesHint.y
      value: -86.087006
      objectReference: {fileID: 0}
    - target: {fileID: 1031427265100343442, guid: da4ff62d342a49b45a41fbc1c0f73883,
        type: 3}
      propertyPath: m_LocalEulerAnglesHint.z
      value: 0
      objectReference: {fileID: 0}
    - target: {fileID: 1031427265100343442, guid: da4ff62d342a49b45a41fbc1c0f73883,
        type: 3}
      propertyPath: m_LocalScale.x
      value: 1.2499999
      objectReference: {fileID: 0}
    - target: {fileID: 1031427265100343442, guid: da4ff62d342a49b45a41fbc1c0f73883,
        type: 3}
      propertyPath: m_LocalScale.y
      value: 1.25
      objectReference: {fileID: 0}
    - target: {fileID: 1031427265100343442, guid: da4ff62d342a49b45a41fbc1c0f73883,
        type: 3}
      propertyPath: m_LocalScale.z
      value: 1.2499999
      objectReference: {fileID: 0}
    - target: {fileID: 1704607306876783145, guid: da4ff62d342a49b45a41fbc1c0f73883,
        type: 3}
      propertyPath: m_StaticEditorFlags
      value: 4294967295
      objectReference: {fileID: 0}
    - target: {fileID: 1704607306876783145, guid: da4ff62d342a49b45a41fbc1c0f73883,
        type: 3}
      propertyPath: m_NavMeshLayer
      value: 1
      objectReference: {fileID: 0}
    - target: {fileID: 1704607306876783145, guid: da4ff62d342a49b45a41fbc1c0f73883,
        type: 3}
      propertyPath: m_Layer
      value: 11
      objectReference: {fileID: 0}
    - target: {fileID: 1898956687336414707, guid: da4ff62d342a49b45a41fbc1c0f73883,
        type: 3}
      propertyPath: m_StaticEditorFlags
      value: 4294967295
      objectReference: {fileID: 0}
    - target: {fileID: 1898956687336414707, guid: da4ff62d342a49b45a41fbc1c0f73883,
        type: 3}
      propertyPath: m_NavMeshLayer
      value: 1
      objectReference: {fileID: 0}
    - target: {fileID: 1898956687336414707, guid: da4ff62d342a49b45a41fbc1c0f73883,
        type: 3}
      propertyPath: m_Layer
      value: 11
      objectReference: {fileID: 0}
    - target: {fileID: 4038326416866253441, guid: da4ff62d342a49b45a41fbc1c0f73883,
        type: 3}
      propertyPath: m_Name
      value: lamp (4)
      objectReference: {fileID: 0}
    - target: {fileID: 4038326416866253441, guid: da4ff62d342a49b45a41fbc1c0f73883,
        type: 3}
      propertyPath: m_StaticEditorFlags
      value: 4294967295
      objectReference: {fileID: 0}
    - target: {fileID: 4038326416866253441, guid: da4ff62d342a49b45a41fbc1c0f73883,
        type: 3}
      propertyPath: m_NavMeshLayer
      value: 1
      objectReference: {fileID: 0}
    - target: {fileID: 4038326416866253441, guid: da4ff62d342a49b45a41fbc1c0f73883,
        type: 3}
      propertyPath: m_IsActive
      value: 1
      objectReference: {fileID: 0}
    - target: {fileID: 4038326416866253441, guid: da4ff62d342a49b45a41fbc1c0f73883,
        type: 3}
      propertyPath: m_Layer
      value: 11
      objectReference: {fileID: 0}
    - target: {fileID: 4085198507850329876, guid: da4ff62d342a49b45a41fbc1c0f73883,
        type: 3}
      propertyPath: m_StaticEditorFlags
      value: 4294967295
      objectReference: {fileID: 0}
    - target: {fileID: 4085198507850329876, guid: da4ff62d342a49b45a41fbc1c0f73883,
        type: 3}
      propertyPath: m_NavMeshLayer
      value: 1
      objectReference: {fileID: 0}
    - target: {fileID: 4085198507850329876, guid: da4ff62d342a49b45a41fbc1c0f73883,
        type: 3}
      propertyPath: m_Layer
      value: 11
      objectReference: {fileID: 0}
    - target: {fileID: 6187970730269024296, guid: da4ff62d342a49b45a41fbc1c0f73883,
        type: 3}
      propertyPath: m_StaticEditorFlags
      value: 4294967295
      objectReference: {fileID: 0}
    - target: {fileID: 6187970730269024296, guid: da4ff62d342a49b45a41fbc1c0f73883,
        type: 3}
      propertyPath: m_NavMeshLayer
      value: 1
      objectReference: {fileID: 0}
    - target: {fileID: 6187970730269024296, guid: da4ff62d342a49b45a41fbc1c0f73883,
        type: 3}
      propertyPath: m_Layer
      value: 11
      objectReference: {fileID: 0}
    - target: {fileID: 7264643512053373370, guid: da4ff62d342a49b45a41fbc1c0f73883,
        type: 3}
      propertyPath: m_StaticEditorFlags
      value: 4294967295
      objectReference: {fileID: 0}
    - target: {fileID: 7264643512053373370, guid: da4ff62d342a49b45a41fbc1c0f73883,
        type: 3}
      propertyPath: m_NavMeshLayer
      value: 1
      objectReference: {fileID: 0}
    - target: {fileID: 7264643512053373370, guid: da4ff62d342a49b45a41fbc1c0f73883,
        type: 3}
      propertyPath: m_Layer
      value: 11
      objectReference: {fileID: 0}
    - target: {fileID: 8134134056680275319, guid: da4ff62d342a49b45a41fbc1c0f73883,
        type: 3}
      propertyPath: m_StaticEditorFlags
      value: 4294967295
      objectReference: {fileID: 0}
    - target: {fileID: 8134134056680275319, guid: da4ff62d342a49b45a41fbc1c0f73883,
        type: 3}
      propertyPath: m_NavMeshLayer
      value: 1
      objectReference: {fileID: 0}
    - target: {fileID: 8134134056680275319, guid: da4ff62d342a49b45a41fbc1c0f73883,
        type: 3}
      propertyPath: m_Layer
      value: 11
      objectReference: {fileID: 0}
    - target: {fileID: 8697306206281611399, guid: da4ff62d342a49b45a41fbc1c0f73883,
        type: 3}
      propertyPath: m_StaticEditorFlags
      value: 4294967295
      objectReference: {fileID: 0}
    - target: {fileID: 8697306206281611399, guid: da4ff62d342a49b45a41fbc1c0f73883,
        type: 3}
      propertyPath: m_NavMeshLayer
      value: 1
      objectReference: {fileID: 0}
    - target: {fileID: 8697306206281611399, guid: da4ff62d342a49b45a41fbc1c0f73883,
        type: 3}
      propertyPath: m_Layer
      value: 11
      objectReference: {fileID: 0}
    m_RemovedComponents: []
  m_SourcePrefab: {fileID: 100100000, guid: da4ff62d342a49b45a41fbc1c0f73883, type: 3}
--- !u!4 &4194031658134111762 stripped
Transform:
  m_CorrespondingSourceObject: {fileID: 1031427265100343442, guid: da4ff62d342a49b45a41fbc1c0f73883,
    type: 3}
  m_PrefabInstance: {fileID: 3775261343006256768}
  m_PrefabAsset: {fileID: 0}
